[Event "Titled Tuesday Blitz April 12 Early 2022"]
[White "Broca Jimenez, Fernando"]
[Black "Pajeken, Jakob Leon"]
[WhiteFideId "5104742"]
[BlackFideId "12942839"]
[WhiteElo "2062"]
[BlackElo "2351"]
[Result "0-1"]
[Round "01"]
[TimeControl "180+1"]
[Date "2022.04.13"]
[WhiteClock "0:00:13"]
[BlackClock "0:01:49"]

1. e4 e5 2. Nf3 Nc6 3. Bb5 a6 4. Ba4 Nf6 5. O-O Be7 6. Re1 b5 7. Bb3 d6 8. c3 O-O 9. h3 Na5 10. Bc2 c5 11. d4 Qc7 12. Nbd2 cxd4 13. cxd4 Rd8 14. Nf1 exd4 15. Nxd4 d5 16. e5 Ne4 17. Bf4 Bc5 18. Rc1 Qb6 19. Be3 Nc4 20. Nb3 Bxe3 21. Nxe3 Be6 22. Bxe4 dxe4 23. Qe2 Nxe5 24. Nc5 Nd3 25. Nxd3 exd3 26. Qd2 Qd4 27. b3 Rac8 28. Red1 Rxc1 29. Rxc1 g6 30. Rc7 a5 31. a4 bxa4 32. bxa4 Qxa4 33. Ng4 Bxg4 34. hxg4 Qxg4 35. Qa2 Qe6 36. Qd2 Qe2 37. Qf4 Qe1+ 38. Kh2 Qe6 39. Qd2 Qd6+ 40. g3 Qxc7 0-1


[Site "https://www.chess.com"]

[Event "Titled Tuesday Blitz April 12 Early 2022"]
[White "Buscar, Michael"]
[Black "Xu, Yi"]
[WhiteFideId "2603616"]
[BlackFideId "8605564"]
[WhiteElo "2010"]
[BlackElo "2471"]
[Result "0-1"]
[Round "01"]
[TimeControl "180+1"]
[Date "2022.04.13"]
[WhiteClock "0:00:03"]
[BlackClock "0:00:15"]

1. Nf3 d5 2. g3 Nf6 3. Bg2 Nbd7 4. d4 Nb6 5. O-O Bf5 6. a4 a5 7. b3 h6 8. Ba3 c6 9. Nbd2 e6 10. Bxf8 Kxf8 11. Ne5 Nfd7 12. Nd3 Bxd3 13. exd3 Qf6 14. Nf3 g6 15. Qe2 Kg7 16. Ne5 Qe7 17. Rae1 Nf6 18. f4 h5 19. h3 Nc8 20. g4 Nd6 21. g5 Nd7 22. h4 Nf5 23. Qf2 Nxe5 24. Rxe5 Qb4 25. Bh3 Qxd4 26. Bxf5 Qxf2+ 27. Rxf2 gxf5 28. Rg2 Kg6 29. Rge2 Rhc8 30. Kf2 b5 31. axb5 cxb5 32. Ke3 a4 33. bxa4 bxa4 34. Kd2 a3 35. Re1 Ra4 36. Rf1 a2 37. Ree1 d4 38. Ra1 Rc3 39. Rfc1 f6 40. Rg1 Ra5 41. gxf6+ Kxf6 42. Rg5 Rc7 43. Rxh5 Rg7 44. Rg5 Rh7 45. h5 Rg7 46. h6 Rxg5 47. fxg5+ Kg6 48. Kc1 Ra7 49. Kb2 Kxg5 50. Rxa2 Rxa2+ 51. Kxa2 Kxh6 52. Kb2 Kg5 53. c3 dxc3+ 54. Kxc3 Kf4 55. Kd2 Kg3 0-1


[Site "https://www.chess.com"]

[Event "Titled Tuesday Blitz April 12 Early 2022"]
[White "Cabarkapa, Novak"]
[Black "Bas Mas, Jose Joaquin"]
[WhiteFideId "943746"]
[BlackFideId "22219064"]
[WhiteElo "2443"]
[BlackElo "2212"]
[Result "1-0"]
[Round "01"]
[TimeControl "180+1"]
[Date "2022.04.13"]
[WhiteClock "0:01:15"]
[BlackClock "0:01:16"]

1. d4 Nf6 2. Nc3 e6 3. e4 d5 4. e5 Nfd7 5. Qg4 c5 6. Nb5 Nc6 7. Nf3 cxd4 8. Bf4 a6 9. Nbxd4 Qb6 10. O-O-O Nc5 11. Nxc6 bxc6 12. Be3 Rb8 13. b3 Qa5 14. Bd3 Qa3+ 15. Kd2 Qxa2 16. Bxc5 Bxc5 17. Ra1 Qb2 18. Rhb1 Bb4+ 19. Qxb4 Qxc2+ 20. Kxc2 Rxb4 21. Bxa6 Kd7 22. Bxc8+ Rxc8 23. Ra7+ Rc7 24. Rba1 Rbb7 25. Rxb7 Rxb7 26. Kc3 h6 27. b4 f6 28. Ra6 f5 29. Nd4 Rc7 30. Nb3 g5 31. Kd4 Ke7 32. Nc5 f4 33. Ra8 Kf7 34. Rb8 Ra7 35. Rb7+ Rxb7 36. Nxb7 g4 37. Na5 h5 38. Nxc6 h4 39. g3 fxg3 40. fxg3 1-0


[Site "https://www.chess.com"]

[Event "Titled Tuesday Blitz April 12 Early 2022"]
[White "Cagara, Paulina"]
[Black "Kouskoutis, Georgios-Alexandros"]
[WhiteFideId "1124870"]
[BlackFideId "4234049"]
[WhiteElo "1780"]
[BlackElo "2130"]
[Result "0-1"]
[Round "01"]
[TimeControl "180+1"]
[Date "2022.04.13"]
[WhiteClock "0:00:52"]
[BlackClock "0:00:10"]

1. e4 c5 2. Nc3 Nc6 3. Bb5 Nd4 4. Bc4 g6 5. Nf3 Bg7 6. Nxd4 cxd4 7. Qf3 Nh6 8. d3 O-O 9. Ne2 e5 10. h3 Kh8 11. g4 d6 12. Ng3 Be6 13. Bd5 Bxd5 14. exd5 f5 15. gxf5 Nxf5 16. Ne4 Ne7 17. Qg3 Qa5+ 18. Bd2 Qxd5 19. Rg1 Rac8 20. c4 dxc3 21. Bxc3 Nf5 22. Qf3 Nd4 23. Qg4 Nf3+ 24. Ke2 Nxg1+ 25. Rxg1 Qxa2 26. Ke3 Rxc3 27. bxc3 d5 28. Ng5 d4+ 29. Ke4 Rf4+ 30. Qxf4 exf4 31. cxd4 Qxf2 32. Rb1 Qe3+ 33. Kd5 Qxd4+ 34. Ke6 Qe5+ 35. Kd7 Qxg5 36. Rxb7 Qd5+ 37. Kc7 Qxb7+ 38. Kxb7 f3 39. d4 f2 40. d5 f1=Q 41. d6 Qb5+ 42. Kc7 Be5 43. Kd8 Bxd6 44. h4 Qb7 45. h5 Qc7+ 46. Ke8 Qe7# 0-1


[Site "https://www.chess.com"]

[Event "Titled Tuesday Blitz April 12 Early 2022"]
[White "Calin, Alexandru"]
[Black "Kazakouski, Valery"]
[WhiteFideId "1222961"]
[BlackFideId "13507443"]
[WhiteElo "2455"]
[BlackElo "2849"]
[Result "0-1"]
[Round "01"]
[TimeControl "180+1"]
[Date "2022.04.13"]
[WhiteClock "0:00:51"]
[BlackClock "0:02:07"]

1. d4 Nf6 2. Bg5 e6 3. e4 h6 4. Bxf6 Qxf6 5. c3 d6 6. Bd3 Qg6 7. Qf3 e5 8. Ne2 Be7 9. Qg3 Qxg3 10. hxg3 O-O 11. f4 c6 12. Nd2 Nd7 13. Nf3 Re8 14. O-O-O Bf8 15. dxe5 dxe5 16. f5 b5 17. g4 f6 18. a3 Bc5 19. Kb1 a5 20. Ka1 Nb6 21. Bb1 Bb7 22. Ba2+ Kf8 23. Nh4 Red8 24. Ng6+ Ke8 25. Kb1 Rxd1+ 26. Rxd1 Rd8 27. Rxd8+ Kxd8 28. Ng3 Bf2 29. Nh5 c5 30. Nxg7 Bxe4+ 31. Ka1 c4 32. Nh5 Nd5 33. g3 Bf3 34. Bb1 Bxg4 35. Be4 Bxh5 36. Bxd5 Bxg3 37. Bc6 Bg4 38. Bxb5 e4 39. Bxc4 e3 40. b4 e2 41. Bxe2 Bxe2 42. bxa5 h5 43. Kb2 Bd3 44. Nh8 Ke8 45. Kb3 h4 46. c4 h3 47. a6 h2 48. a7 h1=Q 0-1


[Site "https://www.chess.com"]

[Event "Titled Tuesday Blitz April 12 Early 2022"]
[White "Chernomordik, Pavel"]
[Black "Kobalia, Mikhail"]
[WhiteFideId "2804530"]
[BlackFideId "4119150"]
[WhiteElo "2220"]
[BlackElo "2667"]
[Result "0-1"]
[Round "01"]
[TimeControl "180+1"]
[Date "2022.04.13"]
[WhiteClock "0:01:22"]
[BlackClock "0:01:41"]

1. e4 c5 2. Nc3 e6 3. f4 Nc6 4. Nf3 g6 5. Bb5 Nge7 6. e5 Nf5 7. Ne4 Be7 8. Bxc6 dxc6 9. Qe2 Nd4 10. Nxd4 cxd4 11. b3 b6 12. a4 d3 13. cxd3 Ba6 14. Ba3 Bxd3 15. Qe3 Bxe4 16. Qxe4 O-O 17. O-O Bxa3 18. Rxa3 Qxd2 19. Qxc6 Rac8 20. Qe4 Rfd8 21. Raa1 Rc2 22. h4 Rd4 23. Qa8+ Kg7 24. Qf3 Rxf4 25. Qg3 Qd4+ 0-1


[Site "https://www.chess.com"]

[Event "Titled Tuesday Blitz April 12 Early 2022"]
[White "Coto Mederos, Michel"]
[Black "Bortnyk, Olexandr"]
[WhiteFideId "3508528"]
[BlackFideId "14120828"]
[WhiteElo "2427"]
[BlackElo "2723"]
[Result "0-1"]
[Round "01"]
[TimeControl "180+1"]
[Date "2022.04.12"]
[WhiteClock "0:00:02"]
[BlackClock "0:00:42"]

1. d4 d6 2. c4 e5 3. Nf3 e4 4. Ng5 f5 5. Nc3 Be7 6. Nh3 c6 7. Nf4 Nf6 8. e3 O-O 9. d5 g5 10. Nh5 Nbd7 11. Be2 Ne5 12. Nxf6+ Bxf6 13. Qc2 a6 14. b3 cxd5 15. cxd5 Bd7 16. Bb2 Rc8 17. Qd2 Qa5 18. Rc1 b5 19. Nxe4 Qxd2+ 20. Nxd2 Nf3+ 21. Nxf3 Bxb2 22. Rxc8 Rxc8 23. Kd2 Bc3+ 24. Kd3 Bf6 25. Nd4 Rc5 26. e4 fxe4+ 27. Kxe4 Be8 28. Bg4 Bg6+ 29. Bf5 Bxd4 30. Bxg6 Bxf2 31. Bf5 Rc2 32. Be6+ Kg7 33. Rf1 Rxa2 34. Rc1 Bc5 35. g4 Re2+ 36. Kf3 Re3+ 37. Kg2 Rxb3 38. Rf1 Rb2+ 39. Kg3 Bd4 40. Rf7+ Kg6 41. Rb7 Be5+ 42. Kf3 Bxh2 43. Bf5+ Kf6 44. Rxh7 Ke5 45. Rh6 Kxd5 46. Be4+ Kc5 47. Rh7 d5 48. Bf5 a5 49. Ra7 a4 50. Ke3 Kb4 51. Be6 Bg1+ 52. Kd3 Bxa7 0-1


[Site "https://www.chess.com"]

[Event "Titled Tuesday Blitz April 12 Early 2022"]
[White "Csonka, Balazs"]
[Black "Mika, Tomasz"]
[WhiteFideId "742910"]
[BlackFideId "1132970"]
[WhiteElo "2404"]
[BlackElo "2116"]
[Result "1-0"]
[Round "01"]
[TimeControl "180+1"]
[Date "2022.04.13"]
[WhiteClock "0:01:33"]
[BlackClock "0:01:19"]

1. d4 d5 2. c4 e6 3. Nf3 c5 4. cxd5 exd5 5. g3 Nc6 6. Bg2 Nf6 7. O-O Be7 8. Nc3 O-O 9. dxc5 Bxc5 10. a3 Be6 11. b4 Bb6 12. Bb2 Qd7 13. Na4 Ne4 14. Nxb6 axb6 15. Nd4 Ne5 16. Nxe6 Qxe6 17. Qd4 Rfe8 18. f4 f6 19. Bxe4 Nc6 20. Qxd5 1-0


[Site "https://www.chess.com"]

[Event "Titled Tuesday Blitz April 12 Early 2022"]
[White "Dang, Hoang Son"]
[Black "Hernandez Jimenez, Alexander Andres"]
[WhiteFideId "12402435"]
[BlackFideId "3900452"]
[WhiteElo "2252"]
[BlackElo "2098"]
[Result "0-1"]
[Round "01"]
[TimeControl "180+1"]
[Date "2022.04.13"]
[WhiteClock "0:00:27"]
[BlackClock "0:00:36"]

1. d4 Nf6 2. Bf4 d6 3. e3 g6 4. Nd2 Bg7 5. Ngf3 c5 6. c3 cxd4 7. exd4 Nc6 8. Bc4 Bg4 9. h3 Bxf3 10. Nxf3 d5 11. Be2 O-O 12. O-O e6 13. Re1 a6 14. Bd3 b5 15. Ne5 Rc8 16. a4 Qb6 17. axb5 axb5 18. Qb3 b4 19. Ra6 Qb7 20. Nxc6 Rxc6 21. Rxc6 Qxc6 22. Qxb4 Ne4 23. Ra1 Ra8 24. Ra5 Bf8 25. Qb5 Qxb5 26. Rxb5 Ra1+ 27. Bf1 g5 28. Be3 f5 29. g3 Bd6 30. Kg2 f4 31. gxf4 gxf4 32. f3 Ng3 33. Bf2 Nxf1 34. Rb6 Ne3+ 35. Kh2 Rf1 36. Bg1 Nf5 37. Kg2 Rc1 38. Bf2 Kf7 39. h4 Rc2 40. Kg1 Be7 41. h5 Bh4 42. Rb7+ Kg8 43. Rb8+ Kg7 44. Rb7+ Kh6 45. Bxh4 Nxh4 46. Rb6 Nxf3+ 47. Kf1 Ng5 48. Rb7 f3 49. b4 f2 50. Kg2 Kxh5 51. b5 Ne4 52. Rxh7+ Kg6 53. Rh3 Rc1 54. Rf3 Rg1+ 55. Kh2 f1=Q 0-1


[Site "https://www.chess.com"]

[Event "Titled Tuesday Blitz April 12 Early 2022"]
[White "De Arruda, Leandro Formes"]
[Black "Tasev, Dejan"]
[WhiteFideId "22722009"]
[BlackFideId "936618"]
[WhiteElo "1852"]
[BlackElo "2253"]
[Result "0-1"]
[Round "01"]
[TimeControl "180+1"]
[Date "2022.04.13"]
[WhiteClock "0:01:01"]
[BlackClock "0:00:56"]

1. d4 Nf6 2. Nf3 e6 3. e3 b6 4. Bd3 Bb7 5. Nbd2 d6 6. O-O Nbd7 7. b3 g6 8. Bb2 Bg7 9. a4 a6 10. c4 O-O 11. Qc2 c5 12. Rfe1 Qe7 13. Rad1 Rfd8 14. Bc3 a5 15. h3 Rac8 16. Nh2 d5 17. Ndf3 Ne4 18. Bxe4 dxe4 19. Nd2 f5 20. f3 Nf6 21. Rf1 exf3 22. Nhxf3 Ne4 23. Nxe4 Bxe4 24. Qb2 Bxf3 25. Rxf3 e5 26. d5 e4 27. Rff1 Bxc3 28. Qxc3 Qg7 29. Qd2 Rd6 30. Qf2 Qe5 31. Qh4 Rf8 32. Qf2 Kg7 33. g3 g5 34. Kg2 Rg6 35. Qd2 f4 36. exf4 gxf4 37. g4 f3+ 38. Kg1 e3 0-1


[Site "https://www.chess.com"]

[Event "Titled Tuesday Blitz April 12 Early 2022"]
[White "De Silva, L M S T"]
[Black "Roman, Rodrigo"]
[WhiteFideId "9953698"]
[BlackFideId "3701220"]
[WhiteElo "1631"]
[BlackElo "2001"]
[Result "0-1"]
[Round "01"]
[TimeControl "180+1"]
[Date "2022.04.13"]
[WhiteClock "0:00:28"]
[BlackClock "0:00:07"]

1. e4 c5 2. Nf3 Nc6 3. Bb5 g6 4. O-O Bg7 5. c3 a6 6. Bxc6 dxc6 7. d4 cxd4 8. cxd4 Bg4 9. e5 Be6 10. Nc3 Bd5 11. Be3 h6 12. Nd2 e6 13. Nde4 Bf8 14. f4 Be7 15. g4 Bxe4 16. Nxe4 Qd5 17. Nc3 Qd7 18. Qc2 O-O-O 19. f5 gxf5 20. gxf5 f6 21. Ne4 exf5 22. Rxf5 fxe5 23. dxe5 Kb8 24. Raf1 Rh7 25. Nc5 Rg7+ 26. Kf2 Bxc5 27. Bxc5 Ne7 28. Bd6+ Ka8 29. Rf3 Nc8 30. Rd1 Qg4 31. Rg3 Qf4+ 32. Kg2 Rxg3+ 33. hxg3 Qg4 34. Rd3 Qe4+ 35. Kh2 Nxd6 36. Qc3 Qe2+ 37. Kh3 Qf1+ 38. Kh2 Nf7 39. Rxd8+ Nxd8 40. Qd4 Qe2+ 41. Kh3 Qh5+ 42. Kg2 Qe8 43. Qd6 Ne6 44. b4 Qf7 45. a4 Nc7 46. Kg1 Nd5 47. a5 Qe7 48. Qxh6 Qxe5 49. Qf8+ Ka7 50. Qc5+ Kb8 51. Qf8+ Kc7 52. Qf7+ Ne7 53. Qf2 Nf5 54. Qb6+ Kc8 55. g4 Qg3+ 56. Kf1 Qf4+ 57. Ke2 Qxg4+ 58. Kd3 Qf3+ 59. Kd2 Qd5+ 60. Kc3 Nd6 61. Qg1 Ne4+ 62. Kc2 Qd2+ 63. Kb3 Qd3+ 64. Kb2 Qc3+ 65. Ka2 Qxb4 66. Qg8+ Kd7 67. Qf7+ Qe7 68. Qh5 Qe6+ 69. Ka1 Nd6 70. Qh8 Nf7 71. Qb8 Qe5+ 0-1


[Site "https://www.chess.com"]

[Event "Titled Tuesday Blitz April 12 Early 2022"]
[White "De Souza, Cristiano Gomes"]
[Black "Potapova, Margarita"]
[WhiteFideId "2151758"]
[BlackFideId "14126869"]
[WhiteElo "2068"]
[BlackElo "2216"]
[Result "1/2-1/2"]
[Round "01"]
[TimeControl "180+1"]
[Date "2022.04.13"]
[WhiteClock "0:00:23"]
[BlackClock "0:00:05"]

1. d4 Nf6 2. c4 g6 3. Nc3 d5 4. Bf4 Bg7 5. e3 O-O 6. Nf3 c5 7. dxc5 Ne4 8. Rc1 Qa5 9. cxd5 Na6 10. Bd3 Naxc5 11. O-O Nxc3 12. bxc3 Qxa2 13. Bb1 Qa5 14. c4 Bd7 15. Be5 f6 16. Bc3 Qc7 17. Nd4 Rfd8 18. Qf3 a6 19. Rfd1 Rab8 20. h3 Qd6 21. Bb4 Rdc8 22. Nb3 b6 23. Nxc5 bxc5 24. Bc3 a5 25. Bc2 a4 26. Ra1 Ra8 27. Ra3 Rc7 28. Rda1 Rca7 29. Qd1 Qa6 30. Qd3 Bf5 31. e4 Bd7 32. f4 Bh6 33. Bd2 Bg7 34. Be3 Qa5 35. Bxa4 Bxa4 36. Rxa4 Qxa4 37. Rxa4 Rxa4 38. Bxc5 Bf8 39. e5 Rc8 40. Bf2 fxe5 41. fxe5 Raxc4 42. d6 Rc1+ 43. Kh2 exd6 44. exd6 Rd8 45. Bg3 Bg7 46. Qd5+ Kh8 47. Qe6 Rcc8 48. d7 Ra8 49. Bh4 Rf8 50. d8=Q Raxd8 51. Bxd8 Rxd8 52. Qe7 Rf8 53. Kg3 Kg8 54. h4 Bf6 55. Qe6+ Kg7 56. Kg4 Rf7 57. g3 Re7 58. Qd5 h5+ 59. Kh3 Re5 60. Qd7+ Re7 61. Qc8 Re5 62. Qc2 Re7 63. Qf2 Re5 64. Qf3 Re7 65. g4 hxg4+ 66. Kxg4 Rc7 67. h5 Rc4+ 68. Kg3 Rc3 69. Qxc3 Bxc3 70. hxg6 Kxg6 1/2-1/2


[Site "https://www.chess.com"]

[Event "Titled Tuesday Blitz April 12 Early 2022"]
[White "Decuigniere, Tom"]
[Black "Martinez Alcantara, Jose Eduardo"]
[WhiteFideId "26093820"]
[BlackFideId "3805662"]
[WhiteElo "1997"]
[BlackElo "2690"]
[Result "0-1"]
[Round "01"]
[TimeControl "180+1"]
[Date "2022.04.12"]
[WhiteClock "0:00:05"]
[BlackClock "0:00:48"]

1. d4 Nf6 2. c4 e6 3. Nc3 Bb4 4. f3 c5 5. d5 d6 6. e4 O-O 7. Ne2 b5 8. Nf4 e5 9. Ne2 bxc4 10. g4 Re8 11. Ng3 Nfd7 12. Be2 Nf8 13. Be3 Ng6 14. Qd2 Nd7 15. Nf5 Nb6 16. h4 Nf4 17. Bxf4 exf4 18. Qxf4 Bxf5 19. Qxf5 Na4 20. Kf2 Nxb2 21. Nd1 Nd3+ 22. Bxd3 cxd3 23. Ne3 Bc3 24. Rad1 Rb8 25. Rxd3 Rb2+ 26. Kg3 g6 27. Qg5 Bf6 28. Qh6 Bg7 29. Qg5 Qc7 30. Kh3 Rxa2 31. Qf4 Be5 32. Qg5 Ra4 33. Nf5 Qd8 34. Qxd8 Rxd8 35. Ne7+ Kf8 36. Nc6 Re8 37. Rf1 Bf4 38. g5 h5 39. gxh6 Bxh6 40. Kg4 Kg7 41. h5 f5+ 42. Kh4 fxe4 43. fxe4 Rexe4+ 44. Kg3 Rg4+ 0-1


[Site "https://www.chess.com"]

[Event "Titled Tuesday Blitz April 12 Early 2022"]
[White "Demchenko, Anton"]
[Black "Manukyan, Sargis A."]
[WhiteFideId "4160258"]
[BlackFideId "13303970"]
[WhiteElo "2539"]
[BlackElo "2187"]
[Result "1-0"]
[Round "01"]
[TimeControl "180+1"]
[Date "2022.04.12"]
[WhiteClock "0:01:22"]
[BlackClock "0:00:07"]

1. e4 c5 2. Nf3 d6 3. d4 cxd4 4. Qxd4 Nc6 5. Bb5 Bd7 6. Bxc6 Bxc6 7. Nc3 Nf6 8. Bg5 e6 9. O-O-O Be7 10. Qd3 h6 11. Bh4 Qc7 12. Nd4 Rd8 13. f4 a6 14. f5 e5 15. Bxf6 Bxf6 16. Nf3 h5 17. Kb1 b5 18. h3 h4 19. Nh2 b4 20. Nd5 Bxd5 21. exd5 a5 22. Ng4 Rb8 23. Rhe1 a4 24. Re4 b3 25. cxb3 axb3 26. a3 Ke7 27. Rc4 Qb7 28. Rdc1 Rhc8 29. Rc6 Rxc6 30. dxc6 Qc8 31. Ne3 Kf8 32. Nd5 Bg5 33. Rc3 Bd8 34. c7 Rb7 35. cxd8=Q+ Qxd8 36. Rxb3 Rxb3 37. Qxb3 g6 38. fxg6 Qg5 39. gxf7 Qf5+ 40. Ka2 Qxf7 41. Qb8+ Kg7 42. Qxd6 e4 43. Qe5+ Kg8 44. Qxe4 Kh8 45. Qxh4+ Kg7 46. Qd4+ Kh7 47. Qe4+ Kh8 48. Qe5+ Kh7 49. Qh5+ Qxh5 50. Nf6+ Kg6 51. Nxh5 Kxh5 52. a4 1-0


[Site "https://www.chess.com"]

[Event "Titled Tuesday Blitz April 12 Early 2022"]
[White "Derjabin, Ilja"]
[Black "Tuleyeva-Aketayeva, Dana"]
[WhiteFideId "14104768"]
[BlackFideId "13701932"]
[WhiteElo "2341"]
[BlackElo "1875"]
[Result "1-0"]
[Round "01"]
[TimeControl "180+1"]
[Date "2022.04.13"]
[WhiteClock "0:01:57"]
[BlackClock "0:00:02"]

1. d4 Nf6 2. c4 e6 3. Nc3 c5 4. d5 exd5 5. cxd5 d6 6. e4 g6 7. Nge2 Bg7 8. Ng3 O-O 9. Be2 a6 10. a4 Nbd7 11. O-O Re8 12. f4 Nf8 13. e5 dxe5 14. f5 N8d7 15. fxg6 hxg6 16. Bg5 Qb6 17. Qd2 Nh7 18. a5 Qb4 19. Ra4 Qb3 20. Bc4 Qxa4 21. Nxa4 f6 22. d6+ Kh8 23. Be3 f5 24. Bxc5 f4 25. Ne4 g5 26. Nb6 Rb8 27. Bf2 g4 28. Nxd7 Bxd7 29. Nc5 Red8 30. Nxd7 Rxd7 31. Be6 Rdd8 32. Bb6 Rf8 33. d7 Nf6 34. d8=Q Rbxd8 35. Bxd8 Ne4 36. Qd7 1-0


[Site "https://www.chess.com"]

[Event "Titled Tuesday Blitz April 12 Early 2022"]
[White "Devaev, Alexander"]
[Black "Rohith Krishna S"]
[WhiteFideId "4169395"]
[BlackFideId "46617051"]
[WhiteElo "2185"]
[BlackElo "2117"]
[Result "0-1"]
[Round "01"]
[TimeControl "180+1"]
[Date "2022.04.13"]
[WhiteClock "0:00:01"]
[BlackClock "0:00:14"]

1. d4 d5 2. c4 e6 3. Nc3 Nf6 4. cxd5 exd5 5. Bg5 c6 6. e3 Be7 7. Bxf6 Bxf6 8. Bd3 O-O 9. Nf3 h6 10. h3 Re8 11. O-O Nd7 12. b4 a6 13. a4 Nf8 14. Qb3 Bd7 15. b5 axb5 16. axb5 Ne6 17. Rfc1 Qe7 18. Na4 c5 19. Qxd5 cxd4 20. exd4 Nf4 21. Qb3 Be6 22. Qd1 Bd5 23. Bc4 Be4 24. Qb3 Ne6 25. Bxe6 fxe6 26. Rd1 Ra5 27. Qc3 Rxb5 28. Nc5 Bd5 29. Rab1 Rxb1 30. Rxb1 Rc8 31. Qe3 Qd6 32. Ne4 Qd8 33. Nxf6+ Qxf6 34. Ne5 Rc7 35. f3 Qf5 36. Rc1 Re7 37. Rc8+ Kh7 38. Rc1 b5 39. Kh2 Rb7 40. g4 Qf8 41. Qd3+ Kg8 0-1


[Site "https://www.chess.com"]

[Event "Titled Tuesday Blitz April 12 Early 2022"]
[White "Di Nicolantonio, Lucas"]
[Black "Dreev, Aleksey"]
[WhiteFideId "680460"]
[BlackFideId "4100107"]
[WhiteElo "2381"]
[BlackElo "2625"]
[Result "0-1"]
[Round "01"]
[TimeControl "180+1"]
[Date "2022.04.12"]
[WhiteClock "0:00:03"]
[BlackClock "0:00:06"]

1. e4 c5 2. Nf3 e6 3. c3 Nf6 4. e5 Nd5 5. d4 cxd4 6. cxd4 b6 7. Nc3 Nxc3 8. bxc3 Qc7 9. Bd2 Bb7 10. Bd3 d6 11. O-O Nd7 12. Ng5 dxe5 13. Qh5 g6 14. Qh3 Be7 15. Rae1 Qd6 16. f4 Bxg5 17. fxg5 exd4 18. Bxg6 O-O-O 19. Bxf7 e5 20. cxd4 Kb8 21. Kh1 Ka8 22. Be6 Rhe8 23. Bf5 Nf8 24. Bxh7 Nxh7 25. Qxh7 Rh8 26. Qg7 exd4 27. Bf4 Qd5 28. Rf2 d3 29. Rd2 Rhe8 30. Rxe8 Rxe8 31. h3 Qe4 32. Qc7 Qf5 33. Kh2 Rf8 34. Bg3 Re8 35. Qf4 Qg6 36. Qf6 Qe4 37. Qf4 Qd5 38. h4 a6 39. h5 Ka7 40. h6 Qe6 41. Qf6 Qg4 42. h7 Qh5+ 43. Kg1 Qxh7 44. g6 Qd7 45. Bf2 Bc6 46. Qd4 Qxd4 47. Bxd4 Be4 48. g7 Rg8 49. Kf2 Kb7 50. Ke3 Bg6 51. g4 Kc6 52. Kf4 b5 53. Kg5 Be4 54. Kf6 b4 55. Be5 a5 56. g5 a4 57. g6 a3 58. Kf7 Bd5+ 59. Kf6 Bc4 60. Kf5 Kb5 61. Ke4 Re8 62. Kd4 Rd8+ 63. Ke4 Re8 64. Kd4 Rd8+ 65. Ke4 Ka4 66. Ke3 b3 67. axb3+ Kxb3 68. Bd4 Re8+ 69. Kf4 Re2 70. Rxe2 dxe2 71. Bf2 a2 72. g8=Q Bxg8 0-1


[Site "https://www.chess.com"]

[Event "Titled Tuesday Blitz April 12 Early 2022"]
[White "Dilanyan, Grigor"]
[Black "Politov, Pavel Y."]
[WhiteFideId "13303570"]
[BlackFideId "24110515"]
[WhiteElo "2279"]
[BlackElo "2090"]
[Result "1-0"]
[Round "01"]
[TimeControl "180+1"]
[Date "2022.04.13"]
[WhiteClock "0:01:19"]
[BlackClock "0:00:06"]

1. e4 c5 2. Nf3 d6 3. d4 cxd4 4. Nxd4 Nf6 5. Nc3 a6 6. Bc4 e6 7. Bb3 Nbd7 8. f4 Nc5 9. e5 dxe5 10. fxe5 Nxb3 11. axb3 Nd5 12. O-O Bc5 13. Ne2 O-O 14. c3 Qc7 15. b4 Ba7 16. b5 Qxe5 17. Kh1 axb5 18. Nxb5 Rb8 19. Rxa7 Bd7 20. Nbd4 Bc6 21. Nxc6 bxc6 22. Bf4 Nxf4 23. Nxf4 Rxb2 24. Qf3 Qf6 25. h3 Rd8 26. Qxc6 h6 27. Qc7 Rdd2 28. Ra8+ Kh7 29. Qc8 g5 30. Qg8# 1-0


[Site "https://www.chess.com"]

[Event "Titled Tuesday Blitz April 12 Early 2022"]
[White "Djokic, Mihailo"]
[Black "Onslow, Alfie"]
[WhiteFideId "976440"]
[BlackFideId "436976"]
[WhiteElo "2202"]
[BlackElo "1884"]
[Result "1-0"]
[Round "01"]
[TimeControl "180+1"]
[Date "2022.04.13"]
[WhiteClock "0:00:34"]
[BlackClock "0:00:02"]

1. e4 c5 2. Nf3 Nc6 3. d4 cxd4 4. Nxd4 e5 5. Nb5 d6 6. c4 Be7 7. N1c3 a6 8. Na3 f5 9. exf5 Bxf5 10. Bd3 Be6 11. O-O Nf6 12. Nc2 O-O 13. Bg5 Nd4 14. Nxd4 exd4 15. Ne2 Qa5 16. Bh4 Bg4 17. f3 Bd7 18. Nxd4 d5 19. Kh1 Qb4 20. Qb3 Rac8 21. Qxb4 Bxb4 22. Rac1 Bd2 23. Rc2 Be3 24. Nf5 Bxf5 25. Bxf5 Rc6 26. Bd3 Rfc8 27. b3 b5 28. Re2 bxc4 29. bxc4 d4 30. Bf2 Bxf2 31. Rfxf2 Rb8 32. h4 Kf7 33. Kh2 Nd7 34. Be4 Rh6 35. Bd5+ Kf8 36. Re4 d3 37. Rd2 Nc5 38. Rf4+ Ke7 39. Be4 Rd8 40. Rf5 Nxe4 41. Re5+ Kf6 42. Rxe4 g5 43. Kg3 gxh4+ 44. Rxh4 Rg6+ 45. Kf2 Ke5 46. Re4+ Kf5 47. g4+ Kf6 48. Ke3 Rg5 49. Rxd3 Rc8 50. Rf4+ Ke6 51. Re4+ Kf6 52. Rd6+ Kf7 53. Rd7+ Kf6 54. Rd6+ Kf7 55. Rxa6 Rgc5 56. Ra7+ Kg6 57. Re6+ Kg5 58. Rg7+ Kh4 59. Rh6+ Kg3 60. Rgxh7 Rxc4 61. Rh3+ Kg2 62. Rh2+ Kg1 63. Rh1+ Kg2 64. R7h2+ Kg3 65. Rh3+ Kg2 66. R1h2+ Kg1 67. Rb2 Rc3+ 68. Kf4 Kf1 69. Rh1# 1-0


[Site "https://www.chess.com"]

[Event "Titled Tuesday Blitz April 12 Early 2022"]
[White "Wagner, Dinara"]
[Black "Kozak, Adam"]
[WhiteFideId "24157570"]
[BlackFideId "753246"]
[WhiteElo "2216"]
[BlackElo "2459"]
[Result "0-1"]
[Round "01"]
[TimeControl "180+1"]
[Date "2022.04.12"]
[WhiteClock "0:00:14"]
[BlackClock "0:01:00"]

1. d4 Nf6 2. c4 e6 3. Nf3 d5 4. g3 Bb4+ 5. Bd2 Be7 6. Bg2 O-O 7. O-O Nbd7 8. Qc2 Ne4 9. Bf4 c6 10. Nc3 f5 11. b3 g5 12. Be3 Bf6 13. Rfd1 Qe8 14. Rac1 Qh5 15. Nxe4 fxe4 16. Ne1 g4 17. Bf4 Bg5 18. Bxg5 Qxg5 19. Qd2 Qg7 20. Nc2 Nf6 21. Ne3 Bd7 22. Qb4 Be8 23. Qd6 Bg6 24. Qe5 h5 25. Qxe6+ Bf7 26. Qd6 Kh8 27. Nf5 Qg5 28. Ne3 Bg8 29. cxd5 Nxd5 30. Nc4 Rae8 31. e3 Rf6 32. Qc5 a6 33. Ne5 Ref8 34. Rc2 h4 35. Nd7 Rxf2 36. Nxf8 hxg3 37. hxg3 Rf3 38. Bxf3 gxf3 39. Rh2+ Kg7 40. Re1 Qxg3+ 41. Kh1 Qxe1# 0-1


[Site "https://www.chess.com"]

[Event "Titled Tuesday Blitz April 12 Early 2022"]
[White "Dubov, Daniil"]
[Black "Dushyant Sharma"]
[WhiteFideId "24126055"]
[BlackFideId "25065130"]
[WhiteElo "2791"]
[BlackElo "2105"]
[Result "1-0"]
[Round "01"]
[TimeControl "180+1"]
[Date "2022.04.12"]
[WhiteClock "0:01:10"]
[BlackClock "0:00:15"]

1. d4 d5 2. Nf3 e6 3. c4 Nf6 4. g3 Be7 5. Bg2 O-O 6. O-O dxc4 7. Qc2 c5 8. dxc5 Nc6 9. Qxc4 e5 10. Nc3 Be6 11. Qa4 Bxc5 12. Bg5 Be7 13. Rfd1 Qb6 14. Bxf6 Bxf6 15. Ne4 Be7 16. Nfg5 Bf5 17. Nd6 Bg6 18. Nc4 Qc5 19. Bxc6 bxc6 20. Nf3 Bf6 21. Rac1 Qe7 22. Qxc6 Rac8 23. Qd6 Qxd6 24. Rxd6 e4 25. Nd4 Rfd8 26. Nc6 Rxd6 27. Nxd6 Rf8 28. b4 h5 29. Nxa7 Ra8 30. Rc8+ Rxc8 31. Naxc8 e3 32. fxe3 Kf8 33. b5 Be5 34. b6 1-0


[Site "https://www.chess.com"]

[Event "Titled Tuesday Blitz April 12 Early 2022"]
[White "Eynullayev, Atilla"]
[Black "Izoria, Zviad"]
[WhiteFideId "13413570"]
[BlackFideId "13601733"]
[WhiteElo "1936"]
[BlackElo "2626"]
[Result "0-1"]
[Round "01"]
[TimeControl "180+1"]
[Date "2022.04.13"]
[WhiteClock "0:00:04"]
[BlackClock "0:00:16"]

1. e4 c5 2. Nf3 a6 3. c4 e6 4. b3 Nc6 5. Bb2 Nf6 6. Qe2 d6 7. d4 cxd4 8. Nxd4 d5 9. exd5 Bb4+ 10. Nd2 Nxd4 11. Bxd4 O-O 12. a3 exd5 13. axb4 Re8 14. Be3 d4 15. O-O-O dxe3 16. Ne4 Qb6 17. Rd6 Qxb4 18. Nxf6+ gxf6 19. Rd3 Bf5 20. Rxe3 Qa3+ 21. Qb2 Qxb2+ 22. Kxb2 Rxe3 23. fxe3 Re8 24. Be2 Rxe3 25. Bf3 Be4 26. Rd1 Bxf3 27. gxf3 Re7 28. Rd8+ Kg7 29. Kc3 Kg6 30. Rd4 f5 31. Kb4 f6 32. c5 Rc7 33. Rd6 Kg5 34. h4+ Kxh4 35. Rxf6 Kg5 36. Rb6 h5 37. Rd6 h4 38. Rd2 h3 39. Kc4 Kf4 40. Kd5 Rd7+ 0-1


[Site "https://www.chess.com"]